 Dungeon Sprint DCSS version 0.32-a0-42-ga30500b4d3 (webtiles) character file.

Game seed: 15983772493897541608

78 rocky1 the Apothecary (level 4, -1/39 HPs)
             Began as a Troll Alchemist on Jan 29, 2024.
             Slain by an iguana (11 damage)
             ... in the Dungeon (Sprint IX: "|||||||||||||||||||||||||||||").
             The game lasted 00:00:18 (43 turns).

rocky1 the Apothecary (Troll Alchemist)               Turns: 43, Time: 00:00:18

Health: -1/39      AC:  4    Str: 18    XL:     4   Next: 15%
Magic:  2/6        EV: 10    Int: 11    God:
Gold:   0          SH:  0    Dex: 10    Spells: 6/7 levels left

rFire   . .          .
                       - Unarmed
rCold   . . .        (no shield)
rNeg    . . .        a - +0 robe
rPois   .            (helmet restricted)
rElec   .            (no cloak)
rCorr   .            (gloves unavailable)
SInv    .            (boots unavailable)
Will    .....        (no amulet)
Stlth   ++           (no ring)
HPRegen 1.06/turn    (no ring)
MPRegen 0.10/turn

%: no teleportation
@: no status effects
A: large, unfitting armour, claws 3, regeneration 1, shaggy fur 1, tough skin 1
a: no special abilities


You were in the Dungeon.
You visited 1 branch

Inventory:

Armour
 a - a +0 robe (worn)
Scrolls
 g - a scroll of blinking
Potions
 b - 3 potions of magic
 c - a potion of curing
 d - a potion of heal wounds
 e - a potion of haste
 f - a potion of berserk rage


   Skills:
 + Level 0.3 Fighting
 + Level 3.0 Dodging
 + Level 1.9 Stealth
 + Level 2.5 Unarmed Combat
 + Level 2.3 Spellcasting
 + Level 0.6 Conjurations
 + Level 4.6 Alchemy


You had 6 spell levels left.
You knew the following spells:

 Your Spells              Type           Power      Damage    Failure   Level
a - Sting                 Conj/Alch      28%        1d4       10%         1

Your spell library contained the following spells:

 Spells                   Type           Power      Damage    Failure   Level
 Mercury Vapours          Alch/Air       12%        N/A       17%         2
 Mephitic Cloud           Conj/Alch/Air  5%         N/A       38%         3
 Olgreb's Toxic Radiance  Alch           11%        N/A       38%         4
 Sticky Flame             Fire/Alch      6%         2d4       73%         4


Dungeon Overview and Level Annotations

Branches:
Dungeon (1/1)

Altars:


Innate Abilities, Weirdness & Mutations

You are too large for most types of armour.
You have claws for hands.
Your natural rate of healing is unusually fast.
You are covered in fur. (AC +1)
You have tough skin. (AC +1)


Message History

You barely miss the iguana.
You feel sick.
The iguana bites you but does no damage.
You claw the iguana!
The iguana is heavily wounded.
You feel sick. The iguana barely misses you.
You scratch the iguana.
The iguana is severely wounded.
You feel sick. The iguana barely misses you.
You scratch the iguana.
The iguana is almost dead.
You feel sick.
You are no longer poisoned.
The iguana barely misses you.
You scratch the iguana.
You kill the iguana!
Your Unarmed Combat skill increases to level 2!
Your Spellcasting skill increases to level 2!
Your Alchemy skill increases to level 4!
You have reached level 3!
Your experience leads to an increase in your attributes!
Increase (S)trength, (I)ntelligence, or (D)exterity?
You feel stronger. x3
Unknown command.
You scratch the sleepcap but do no damage.
The sleepcap releases spores at you!
* * * LOW HITPOINT WARNING * * *
You claw the sleepcap!
The sleepcap is moderately damaged.
The sleepcap barely misses you.
You claw the sleepcap!
The sleepcap is severely damaged.
The iguana hisses menacingly.
The sleepcap releases spores at you.
* * * LOW HITPOINT WARNING * * *
You claw the sleepcap!
You destroy the sleepcap!
Your Dodging skill increases to level 3!
You have reached level 4!
You barely miss the iguana. The iguana bites you!
You die... ▓▓▓▓▓▓▓▓▓▓▓▓▓▓▓▓▓▓ +.....l@...)†...<▓ ▓▓▓▓▓▓▓▓▓▓▓▓▓▓▓▓▓▓

You could see an iguana.

Vanquished Creatures
  An iguana (D)
  A sleepcap (D)
  A gnoll (D)
  An adder (D)
  A goblin (D)
  A ball python (D)
  A frilled lizard (D)
  2 rats (D)
9 creatures vanquished.

Notes
Turn   | Place    | Note
-------+----------+-------------------------------------------
     0 | D        | rocky1 the Troll Alchemist began the quest for the Orb.
     0 | D        | Reached XP level 1. HP: 16/16 MP: 1/1
    21 | D        | Noticed an iguana
    21 | D        | Noticed a sleepcap
    21 | D        | Noticed an iguana
    30 | D        | Reached skill level 3 in Alchemy
    30 | D        | Reached XP level 2. HP: 12/24 MP: 1/3
    34 | D        | Reached skill level 1 in Unarmed Combat
    39 | D        | Reached skill level 4 in Alchemy
    39 | D        | Reached XP level 3. HP: 15/31 MP: 1/5
    43 | D        | Reached XP level 4. HP: 9/39 MP: 2/6
    43 | D        | Slain by an iguana

Illustrated notes

Levels and vault maps discovered:
D:        linesprint [early_d, line_temple, items_1, d_10, items_2, lair_1,
          lair_end, items_3, orc_1, orc_end, items_4, d_15, swamp_1, shoals_1,
          snake_1, spider_1, d_20, vaults_1, items_5, swamp_end, shoals_end,
          snake_end, spider_end, vaults_end, d_27, items_6, zot_1, zot_end,
          crypt_end, forest_end, elf_end, slime_end, tomb_end, abyss_end,
          pan_hell_end]

Skill      XL: |  1  2  3 |
---------------+----------+-----
Dodging        | 2 3 |  3.0
Alchemy        | 3 4 |  4.6
Unarmed Combat | 2 |  2.5
Spellcasting   | 2 |  2.3
Fighting       | |  0.3
Stealth        | |  1.9
Conjurations   | |  0.6

Action                     |  1- 3 |  4- 6 || total
---------------------------+-------+-------++-------
  Melee: Unarmed           |    32 |     1 ||    33
 Armour: Robe              |    14 |     1 ||    15
  Dodge: Dodged            |    12 |       ||    12

Table legend: (Time is in decaauts)
 A = Elapsed time spent in this place.
 B = Non-inter-level travel time spent in this place.
 C = Inter-level travel time spent in this place.
 D = Time resting spent in this place.
 E = Time spent auto-exploring this place.
 F = Levels seen in this place.
 G = Mean time per level.
                   A        B        C        D        E       F      G
               +--------+--------+--------+--------+--------+-----+--------+
         Total |     42 |     42 |      0 |      0 |      0 |   1 |   42.0 |
       Dungeon |     42 |     42 |      0 |      0 |      0 |   1 |   42.0 |
               +--------+--------+--------+--------+--------+-----+--------+

Top non-repeatable levels by time:
       D: 42 daAuts
